[Event "*** Titled Tuesday Blitz"]
[Site "Chess.com"]
[Date "2020.12.29"]
[Round "3"]
[White "Kale36"]
[Black "BeanScreen"]
[Result "0-1"]
[WhiteElo "2293"]
[BlackElo "2653"]
[TimeControl "180+1"]
[EndTime "10:23:04 PST"]
[Termination "BeanScreen won by resignation"]

1. b3 e5 2. Bb2 Nc6 3. e3 a6 4. Nf3 e4 5. Nd4 Nxd4 6. Bxd4 c5 7. Bb2 d5 8. c4 d4 9. exd4 cxd4 10. d3 Bb4+ 11.
Nd2 e3 12. fxe3 dxe3 13. Qe2 Bxd2+ 14. Kd1 Nf6 0-1

[Event "*** Titled Tuesday Blitz"]
[Site "Chess.com"]
[Date "2020.12.29"]
[Round "3"]
[White "Enriquack"]
[Black "Donseng"]
[Result "1-0"]
[WhiteElo "2376"]
[BlackElo "2507"]
[TimeControl "180+1"]
[EndTime "10:23:38 PST"]
[Termination "Enriquack won by resignation"]

1. e4 e6 2. d4 d5 3. Nc3 Bb4 4. Ne2 dxe4 5. a3 Bxc3+ 6. Nxc3 Nc6 7. Bb5 Bd7 8. Nxe4 Ne5 9. dxe5 Bxb5 10. Qg4 Qd4 11.
Nf6+ 1-0

[Event "*** Titled Tuesday Blitz"]
[Site "Chess.com"]
[Date "2020.12.29"]
[Round "3"]
[White "Smile2005"]
[Black "Chess_Boxer123"]
[Result "0-1"]
[WhiteElo "2368"]
[BlackElo "2559"]
[TimeControl "180+1"]
[EndTime "10:23:44 PST"]
[Termination "Chess_Boxer123 won by checkmate"]

1. Nf3 g6 2. g3 Bg7 3. Bg2 b6 4. O-O Bb7 5. d3 e6 6. e4 Ne7 7. Nbd2 O-O 8. c3 d6 9. d4 Nd7 10. Qc2 e5 11. Re1 h6 12. Nc4 a5 13. dxe5 Nxe5 14.
Nfxe5 dxe5 15. a4 Qc8 16. Be3 Qe6 17. Bf1 f5 18. Nd2 Qf6 19. Bc4+ Kh8 20. exf5 gxf5 21.
f4 Qc6 22. Nf1 Qh1+ 23. Kf2 Qg2# 0-1

[Event "*** Titled Tuesday Blitz"]
[Site "Chess.com"]
[Date "2020.12.29"]
[Round "3"]
[White "GM_Crest"]
[Black "TomasKapitanchuk"]
[Result "1-0"]
[WhiteElo "2694"]
[BlackElo "2431"]
[TimeControl "180+1"]
[EndTime "10:23:48 PST"]
[Termination "GM_Crest won by resignation"]

1. d4 Nf6 2. c4 e6 3. Nc3 Bb4 4. e3 O-O 5. Ne2 d5 6. a3 Be7 7. cxd5 exd5 8. Nf4 Bf5 9. Qb3 Nc6 10. Ncxd5 Na5 11.
Nxf6+ Bxf6 12. Qb5 c5 13. Bd2 Nc6 14. Qxc5 Nxd4 15. exd4 Bxd4 16. Qxf5 Bxb2 17. Rb1 Re8+ 18. Be2 Bxa3 19. Rxb7 Re7 20. Rxe7 Qxe7 21. O-O 1-0

[Event "*** Titled Tuesday Blitz"]
[Site "Chess.com"]
[Date "2020.12.29"]
[Round "3"]
[White "szabadaba"]
[Black "dankalpacas"]
[Result "1-0"]
[WhiteElo "2598"]
[BlackElo "2392"]
[TimeControl "180+1"]
[EndTime "10:23:48 PST"]
[Termination "szabadaba won by resignation"]

1. e4 c5 2. Nc3 d6 3. g3 g6 4. Bg2 Bg7 5. d3 Nc6 6. f4 e6 7. Nf3 Nge7 8. O-O O-O 9. Be3 Nd4 10. e5 Nxf3+ 11. Qxf3 dxe5 12. Bxc5 exf4 13. Qxf4 Qd7 14.
Ne4 Nd5 15. Qf2 Rd8 16. c4 Nb4 17. Bxb4 1-0

[Event "*** Titled Tuesday Blitz"]
[Site "Chess.com"]
[Date "2020.12.29"]
[Round "3"]
[White "szefru"]
[Black "serena-maria"]
[Result "0-1"]
[WhiteElo "2203"]
[BlackElo "2376"]
[TimeControl "180+1"]
[EndTime "10:23:54 PST"]
[Termination "serena-maria won by checkmate"]

1. e4 c5 2. d4 cxd4 3. c3 Nf6 4. e5 Nd5 5. cxd4 d6 6. f4 dxe5 7. fxe5 Nc6 8. Nf3 Bg4 9. Be2 e6 10. a3 Bxf3 11. Bxf3 Qh4+ 12. g3 Qxd4 13. Qb3 Qxe5+ 14. Kd1 O-O-O 15. Kc2 Qf5+ 16. Qd3 Ndb4+ 17. axb4 Qxd3# 0-1

[Event "*** Titled Tuesday Blitz"]
[Site "Chess.com"]
[Date "2020.12.29"]
[Round "3"]
[White "renehp"]
[Black "MomchilPetkov"]
[Result "0-1"]
[WhiteElo "2440"]
[BlackElo "2740"]
[TimeControl "180+1"]
[EndTime "10:23:56 PST"]
[Termination "MomchilPetkov won by resignation"]

1. e4 g6 2. d4 Bg7 3. Nc3 a6 4. f4 b5 5. Be3 Bb7 6. Bd3 d6 7. Nf3 Nd7 8. e5 Nh6 9. Qe2 O-O 10. e6 Bxf3 11. Qxf3 fxe6 12. O-O Nf5 13. Qe4 Kh8 14. Qxe6 Nxd4 15. Qe4 Nc5 0-1

[Event "*** Titled Tuesday Blitz"]
[Site "Chess.com"]
[Date "2020.12.29"]
[Round "3"]
[White "Deepweb2020"]
[Black "EdmundPlayer"]
[Result "1-0"]
[WhiteElo "2364"]
[BlackElo "2198"]
[TimeControl "180+1"]
[EndTime "10:23:58 PST"]
[Termination "Deepweb2020 won by resignation"]

1. d4 d5 2. c4 dxc4 3. e3 e5 4. Bxc4 exd4 5. Nf3 Bd6 6. exd4 Nf6 7. O-O O-O 8. Bg5 Bg4 9. Nbd2 Nc6 10. Qc2 h6 11. Bh4 g5 12. Qg6+ Kh8 13. Qxh6+ Nh7 14. Nxg5 1-0

[Event "*** Titled Tuesday Blitz"]
[Site "Chess.com"]
[Date "2020.12.29"]
[Round "3"]
[White "WPWPWP-2015"]
[Black "PaulfromSPb"]
[Result "1-0"]
[WhiteElo "2445"]
[BlackElo "2659"]
[TimeControl "180+1"]
[EndTime "10:24:15 PST"]
[Termination "WPWPWP-2015 won by resignation"]

1. e4 c5 2. Nc3 Nc6 3. Nge2 Nf6 4. d4 cxd4 5. Nxd4 d6 6. Bg5 e6 7. Qd2 a6 8. O-O-O Bd7 9. f4 Be7 10. Nf3 Qb6 11. e5 Nd5 12. Nxd5 exd5 13. exd6 Bxg5 14. Nxg5 O-O 15. Qd3 g6 16. Qxd5 Nb4 17. Qd4 Nxc2 18. Qxb6 1-0

[Event "*** Titled Tuesday Blitz"]
[Site "Chess.com"]
[Date "2020.12.29"]
[Round "3"]
[White "paulrusan"]
[Black "KyrgyzFighter"]
[Result "1/2-1/2"]
[WhiteElo "2228"]
[BlackElo "2379"]
[TimeControl "180+1"]
[EndTime "10:24:29 PST"]
[Termination "Game drawn by repetition"]

1. e4 e6 2. Nf3 d5 3. e5 c5 4. b4 cxb4 5. a3 Nc6 6. axb4 Bxb4 7. c3 Be7 8. d4 Nh6 9. Bd3 Nf5 10. O-O O-O 11. g4 Nh4 12. Nxh4 Bxh4 13. f4 h6 14. g5 hxg5 15. Qh5 g6 16. Bxg6 fxg6 17. Qxg6+ Kh8 18.
Qh6+ Kg8 19. Qg6+ Kh8 20. Qh6+ Kg8 21. Qg6+ 1/2-1/2

[Event "*** Titled Tuesday Blitz"]
[Site "Chess.com"]
[Date "2020.12.29"]
[Round "3"]
[White "kinga2008"]
[Black "Galileo22"]
[Result "0-1"]
[WhiteElo "2162"]
[BlackElo "2355"]
[TimeControl "180+1"]
[EndTime "10:24:32 PST"]
[Termination "Galileo22 won by resignation"]

1. e4 e5 2. Nf3 Nf6 3. Nc3 Nc6 4. Bc4 Bc5 5. O-O d6 6. d3 h6 7. h3 g5 8. Nd5 g4 9. Nh4 Nxd5 10. Bxd5 Qxh4 0-1

[Event "*** Titled Tuesday Blitz"]
[Site "Chess.com"]
[Date "2020.12.29"]
[Round "3"]
[White "Juanovic"]
[Black "Sergienko_Sergey"]
[Result "0-1"]
[WhiteElo "2024"]
[BlackElo "2312"]
[TimeControl "180+1"]
[EndTime "10:24:36 PST"]
[Termination "Sergienko_Sergey won by resignation"]

1. e4 c5 2. Nf3 a6 3. Nc3 b5 4. d4 cxd4 5. Nxd4 Bb7 6. a3 d6 7.
Be3 Nf6 8. f3 g6 9. Qd2 Bg7 10.
Bh6 O-O 11. Bxg7 Kxg7 12. h4 h5 13. Bd3 Nbd7 14. O-O-O Ne5 15. Qg5 e6 16. g4 Qb6 17.
Be2 b4 18. a4 bxc3 0-1

[Event "*** Titled Tuesday Blitz"]
[Site "Chess.com"]
[Date "2020.12.29"]
[Round "3"]
[White "Vusatiuk_Vladimir"]
[Black "sotochess"]
[Result "0-1"]
[WhiteElo "2290"]
[BlackElo "2519"]
[TimeControl "180+1"]
[EndTime "10:24:38 PST"]
[Termination "sotochess won by resignation"]

1. d4 Nf6 2. c4 c5 3. d5 b5 4. cxb5 a6 5. bxa6 Bxa6 6. Nc3 d6 7. e4 Bxf1 8. Kxf1 Nbd7 9. g3 g6 10. Kg2 Bg7 11. Nf3 O-O 12. a4 Ra6 13. Qe2 Qa8 14. Bd2 e6 15. dxe6 fxe6 16. Rhd1 d5 17. exd5 exd5 18. Bf4 d4 19. Nb5 Nd5 20. Rac1 Rxf4 21. Qc4 Rf7 22. Ng5 Ne3+ 0-1

[Event "*** Titled Tuesday Blitz"]
[Site "Chess.com"]
[Date "2020.12.29"]
[Round "3"]
[White "2nd_life"]
[Black "cukin84"]
[Result "1-0"]
[WhiteElo "2484"]
[BlackElo "2174"]
[TimeControl "180+1"]
[EndTime "10:24:39 PST"]
[Termination "2nd_life won by resignation"]

1. e4 c6 2. d4 d5 3. e5 c5 4. dxc5 e6 5. Nf3 Bxc5 6. Bd3 Nc6 7. O-O Nge7 8. a3 Ng6 9. b4 Bb6 10. Re1 O-O 11. Nbd2 Nd4 12. Bb2 Nc6 13. g3 a6 14.
Qe2 Bd7 15. c4 dxc4 16. Nxc4 Qe7 17. Nxb6 Rad8 18. Bxg6 hxg6 19. Nxd7 Rxd7 20. Red1 Rc7 21. Rac1 Rfc8 22. h4 b5 23. Kg2 a5 24. bxa5 Nxa5 25. Rxc7 Rxc7 26. Qxb5 Nc4 27. Qb8+ 1-0

[Event "*** Titled Tuesday Blitz"]
[Site "Chess.com"]
[Date "2020.12.29"]
[Round "3"]
[White "lacafi"]
[Black "MasterKroket"]
[Result "0-1"]
[WhiteElo "2123"]
[BlackElo "2480"]
[TimeControl "180+1"]
[EndTime "10:24:41 PST"]
[Termination "MasterKroket won by resignation"]

1. d4 Nf6 2. Nf3 e6 3. e3 b6 4. Bd3 Bb7 5. Nbd2 c5 6. Qe2 d6 7. c3 Be7 8. e4 cxd4 9. cxd4 Nc6 10. a3 O-O 11. O-O a5 12. e5 dxe5 13. dxe5 Nd7 14. Qe4 g6 15. Qe2 Nc5 16. Bc2 Ba6 17. Nc4 Nd4 18.
Nxd4 Qxd4 19. b3 Qxa1 20. Bh6 Bxc4 21. Qxc4 Qxe5 0-1

[Event "*** Titled Tuesday Blitz"]
[Site "Chess.com"]
[Date "2020.12.29"]
[Round "3"]
[White "akanga001"]
[Black "03revilo"]
[Result "0-1"]
[WhiteElo "1942"]
[BlackElo "2304"]
[TimeControl "180+1"]
[EndTime "10:24:41 PST"]
[Termination "03revilo won by checkmate"]

1. d4 d5 2. c4 e6 3. Nc3 c6 4. e3 Bd6 5. Nf3 f5 6. Qc2 Nf6 7. Be2 O-O 8. O-O Nbd7 9. b3 Ne4 10.
Bb2 Rf6 11. Bd3 Rh6 12. Ne2 Bxh2+ 13. Nxh2 Qh4 14. Rfe1 Qxf2+ 15. Kh1 Ndf6 16. Nf4 Ng3# 0-1

[Event "*** Titled Tuesday Blitz"]
[Site "Chess.com"]
[Date "2020.12.29"]
[Round "3"]
[White "A-S-00"]
[Black "NeverW84M8"]
[Result "0-1"]
[WhiteElo "2266"]
[BlackElo "2505"]
[TimeControl "180+1"]
[EndTime "10:24:51 PST"]
[Termination "NeverW84M8 won by resignation"]

1. d4 Nf6 2. c4 c5 3. d5 e6 4. Nc3 exd5 5. cxd5 d6 6. e4 g6 7. h3 Bg7 8. Nf3 O-O 9. Bd3 b5 10. Nxb5 Re8 11. Nc3 Nxe4 12. O-O Nxc3 13. bxc3 Ba6 14. Bxa6 Nxa6 15. Qc2 Qa5 16. Bd2 c4 17.
Rfe1 Qxd5 18. Rxe8+ Rxe8 19. Qa4 Nc7 20. Qxa7 Nb5 21.
Qa5 Nxc3 22. Qxd5 Nxd5 23. Rc1 c3 24. Be1 Ra8 25. Rc2 Nb4 26. Rc1 Nd3 27. Rd1 c2 0-1

[Event "*** Titled Tuesday Blitz"]
[Site "Chess.com"]
[Date "2020.12.29"]
[Round "3"]
[White "TengisChess"]
[Black "SamuelGhimpu2003"]
[Result "0-1"]
[WhiteElo "2410"]
[BlackElo "2606"]
[TimeControl "180+1"]
[EndTime "10:24:53 PST"]
[Termination "SamuelGhimpu2003 won by resignation"]

1. d4 Nf6 2. c4 g6 3. Nc3 d5 4.
Nf3 Bg7 5. Bg5 Ne4 6. cxd5 Nxg5 7. Nxg5 e6 8. Qd2 exd5 9. Qe3+ Kf8 10. Qf4 Bf6 11. Nf3 Kg7 12. e3 c5 13. Be2 cxd4 14. Nxd4 Nc6 15. O-O Re8 16. Bf3 Be5 17. Nxc6 bxc6 18. Qa4 Bd7 19. Rfd1 Qb8 20. Qc2 Bxh2+ 21.
Kh1 Be5 22. Nxd5 cxd5 23. Bxd5 Qc8 0-1

[Event "*** Titled Tuesday Blitz"]
[Site "Chess.com"]
[Date "2020.12.29"]
[Round "3"]
[White "LawrenceTrent"]
[Black "Europe03"]
[Result "0-1"]
[WhiteElo "2507"]
[BlackElo "2330"]
[TimeControl "180+1"]
[EndTime "10:24:54 PST"]
[Termination "Europe03 won by resignation"]

1. c4 e6 2. Nf3 Nf6 3. e3 b6 4.
Nc3 Bb7 5. Qc2 Be7 6. Be2 O-O 7. b3 c5 8. Bb2 d5 9. cxd5 exd5 10. d4 Nc6 11. dxc5 bxc5 12. O-O-O Qa5 13. Kb1 Rfd8 14. Ng5 d4 15. Nce4 Nxe4 16. Nxe4 Nb4 0-1

[Event "*** Titled Tuesday Blitz"]
[Site "Chess.com"]
[Date "2020.12.29"]
[Round "3"]
[White "eCztery"]
[Black "ehrenfeld"]
[Result "0-1"]
[WhiteElo "2365"]
[BlackElo "2556"]
[TimeControl "180+1"]
[EndTime "10:24:58 PST"]
[Termination "ehrenfeld won by resignation"]

1. e4 e5 2. Nf3 Nc6 3. d4 exd4 4. Bc4 Nf6 5. O-O Nxe4 6. Nc3 Nxc3 7. bxc3 d5 8. Bb5 Be7 9. Re1 O-O 10. Bxc6 bxc6 11.
cxd4 Bd6 12. Ne5 Bb7 13. Rb1 Rb8 14. Qh5 f6 15. Nd3 Ba6 16. Rxb8 Qxb8 17. Nf4 Qb4 18. Qe2 Bxe2 0-1

[Event "*** Titled Tuesday Blitz"]
[Site "Chess.com"]
[Date "2020.12.29"]
[Round "3"]
[White "Godzillator"]
[Black "Korchmar_Vasiliy"]
[Result "0-1"]
[WhiteElo "2314"]
[BlackElo "2566"]
[TimeControl "180+1"]
[EndTime "10:25:08 PST"]
[Termination "Korchmar_Vasiliy won by resignation"]

1. d4 Nf6 2. c4 g6 3. Nc3 d5 4. Nf3 Bg7 5. h4 Bg4 6. Ne5 Be6 7. cxd5 Nxd5 8. Nxd5 Qxd5 9. Nf3 c5 10. dxc5 Qxc5 11. e3 Nc6 12. a3 Rd8 13. Qa4 O-O 14. h5 Bc3+ 15. bxc3 Qxc3+ 16. Bd2 Qxa1+ 17. Ke2 Qb1 18. hxg6 fxg6 19. Rh4 b5 20. Qd1 Bc4+ 0-1

[Event "*** Titled Tuesday Blitz"]
[Site "Chess.com"]
[Date "2020.12.29"]
[Round "3"]
[White "shanemelaughcm"]
[Black "Airquake"]
[Result "0-1"]
[WhiteElo "2370"]
[BlackElo "2562"]
[TimeControl "180+1"]
[EndTime "10:25:09 PST"]
[Termination "Airquake won by checkmate"]

1. e4 c5 2. c4 d6 3. Nc3 g6 4. g3 Bg7 5. Bg2 e6 6. Nge2 Ne7 7. O-O O-O 8. a3 Nbc6 9. Rb1 f5 10. d3 e5 11. b4 f4 12. gxf4 exf4 13. Bxf4 Bxc3 14. Bxd6 Qxd6 15. Nxc3 Nd4 16. bxc5 Qxc5 17. Nb5 Nec6 18. Qd2 Nf3+ 19. Bxf3 Rxf3 20. d4 Qh5 21. Kh1 Bg4 22. Nc7 Rd3 23. Qxd3 Bf3+ 24. Kg1 Qg4# 0-1

[Event "*** Titled Tuesday Blitz"]
[Site "Chess.com"]
[Date "2020.12.29"]
[Round "3"]
[White "MatyChess1"]
[Black "Ze-Pequeno"]
[Result "1-0"]
[WhiteElo "2530"]
[BlackElo "2321"]
[TimeControl "180+1"]
[EndTime "10:25:24 PST"]
[Termination "MatyChess1 won by resignation"]

1. e4 c5 2. Nf3 d6 3. d4 cxd4 4. Nxd4 Nf6 5. Nc3 a6 6. a4 e6 7. g4 Nc6 8. g5 Nd7 9. h4 Nxd4 10. Qxd4 b6 11. Be3 Bb7 12. f4 Rc8 13. O-O-O Qc7 14.
Kb1 e5 15. Qd2 exf4 16. Bxf4 Ne5 17. Nd5 Bxd5 18. exd5 1-0

[Event "*** Titled Tuesday Blitz"]
[Site "Chess.com"]
[Date "2020.12.29"]
[Round "3"]
[White "rududuyk"]
[Black "Kretov_Evgenij"]
[Result "0-1"]
[WhiteElo "2286"]
[BlackElo "2516"]
[TimeControl "180+1"]
[EndTime "10:25:25 PST"]
[Termination "Kretov_Evgenij won by resignation"]

1. e4 c5 2. Nc3 Nc6 3. f4 g6 4.
Nf3 Bg7 5. Bc4 e6 6. d3 Nge7 7. O-O d5 8. Bb3 Rb8 9. a4 Nd4 10. Nxd4 cxd4 11. Ne2 dxe4 12. dxe4 Qb6 13. Kh1 Nc6 14.
Qe1 O-O 15. Qh4 d3 16. Nc3 dxc2 17. Bxc2 Nd4 18. Bd3 Nb3 19. Rb1 Nxc1 20. Rfxc1 Bd7 21. f5 exf5 22. exf5 Bc6 23. f6 Bxf6 24. Qf4 Qd4 25. Ne4 Be5 26. Qh4 f5 27. Bc4+ Kh8 28. Re1 Bxe4 0-1

[Event "*** Titled Tuesday Blitz"]
[Site "Chess.com"]
[Date "2020.12.29"]
[Round "3"]
[White "mishanick"]
[Black "leejunhyeok"]
[Result "1-0"]
[WhiteElo "2988"]
[BlackElo "2711"]
[TimeControl "180+1"]
[EndTime "10:25:27 PST"]
[Termination "mishanick won by resignation"]

1. c4 e6 2. Nc3 d5 3. d4 c5 4. cxd5 exd5 5. Nf3 Nc6 6. dxc5 d4 7. Na4 Bxc5 8.
Nxc5 Qa5+ 9. Qd2 Qxc5 10. e3 dxe3 11. Qxe3+ Qxe3+ 12. Bxe3 Nge7 13. Bb5 O-O 14. Bc5 Rd8 15. O-O Bg4 16. Rfe1 Bxf3 17. gxf3 Nf5 18. Re4 Nfd4 19. Bxc6 Nxc6 20. b4 a6 21. a4 b5 22. Be3 Rd5 23. axb5 Rxb5 24. Rxa6 1-0

[Event "*** Titled Tuesday Blitz"]
[Site "Chess.com"]
[Date "2020.12.29"]
[Round "3"]
[White "NodariousBIG"]
[Black "GM4life"]
[Result "1-0"]
[WhiteElo "2655"]
[BlackElo "2421"]
[TimeControl "180+1"]
[EndTime "10:25:30 PST"]
[Termination "NodariousBIG won by resignation"]

1. b3 e5 2. Bb2 Nc6 3. e3 d5 4.
Nf3 Bd6 5. d4 e4 6. Nfd2 f5 7.
c4 Nf6 8. Nc3 Be6 9. g3 Qd7 10.
Qc1 O-O 11. Ba3 Ng4 12. cxd5 Bxa3 13. Qxa3 Bxd5 14. Nxd5 Kh8 15. Nf4 Nxd4 16. Qb2 c5 17. exd4 cxd4 18. Be2 e3 19. Bxg4 exd2+ 20. Qxd2 fxg4 21.
O-O g5 22. Ne2 d3 23. Nc3 Rf5 24. Rad1 Rd8 25. Ne4 Qe7 26. Rfe1 Re5 27. Qc3 Kg8 28. Rxd3 Re8 29. Rde3 Rxe4 30. Rxe4 Qxe4 31. Rxe4 Rxe4 32.
Qc8+ Kg7 33. Qxb7+ 1-0

[Event "*** Titled Tuesday Blitz"]
[Site "Chess.com"]
[Date "2020.12.29"]
[Round "3"]
[White "Orest_Vovk"]
[Black "scabies1"]
[Result "0-1"]
[WhiteElo "2512"]
[BlackElo "2333"]
[TimeControl "180+1"]
[EndTime "10:25:31 PST"]
[Termination "scabies1 won by checkmate"]

1. e4 c5 2. g3 Nc6 3. Bg2 g6 4.
f4 Bg7 5. Nf3 d6 6. O-O Nf6 7.
d3 O-O 8. c3 e5 9. h3 Nh5 10.
Kh2 h6 11. Na3 a6 12. Nc2 Rb8 13. Qe2 b5 14. Be3 b4 15. c4 exf4 16. gxf4 Bxb2 17. Rae1 Bc3 18. Bd2 Bg7 19. d4 cxd4 20. Nfxd4 Nxd4 21. Nxd4 Bxd4 22. Bf3 Qh4 23. Bxh5 Qxh3# 0-1

[Event "*** Titled Tuesday Blitz"]
[Site "Chess.com"]
[Date "2020.12.29"]
[Round "3"]
[White "MarcLonoff"]
[Black "Caisachess"]
[Result "0-1"]
[WhiteElo "2165"]
[BlackElo "2353"]
[TimeControl "180+1"]
[EndTime "10:25:33 PST"]
[Termination "Caisachess won by resignation"]

1. c4 e5 2. Nc3 Nf6 3. g3 d5 4.
cxd5 Nxd5 5. Bg2 Nb6 6. e3 Nc6 7. Nge2 Be7 8. O-O O-O 9. f4 exf4 10. Nxf4 Ne5 11. d4 Nec4 12. b3 Nd6 13. e4 c6 14.
Bb2 Ne8 15. e5 Nc7 16. Ne4 Nbd5 17. Qh5 Ne3 18. Rf2 Bg4 0-1

[Event "*** Titled Tuesday Blitz"]
[Site "Chess.com"]
[Date "2020.12.29"]
[Round "3"]
[White "Tssunami"]
[Black "zurzan"]
[Result "1-0"]
[WhiteElo "2313"]
[BlackElo "2048"]
[TimeControl "180+1"]
[EndTime "10:25:41 PST"]
[Termination "Tssunami won by resignation"]

1. c4 f5 2. Nc3 Nf6 3. d4 g6 4. h4 Bg7 5. h5 c6 6. Bg5 e6 7. e4 h6 8. Bxf6 Qxf6 9. e5 Qf7 10. hxg6 Qxg6 11. Be2 O-O 12. Nh3 Qxg2 13. Bf3 Qg6 14.
Nf4 Qh7 15. Bh5 c5 16. Bg6 Qh8 17. Nb5 Na6 18. Nd6 cxd4 19. Qh5 Bxe5 20. Bf7+ 1-0

[Event "*** Titled Tuesday Blitz"]
[Site "Chess.com"]
[Date "2020.12.29"]
[Round "3"]
[White "Evgeny81"]
[Black "pichonazo"]
[Result "1-0"]
[WhiteElo "2727"]
[BlackElo "2530"]
[TimeControl "180+1"]
[EndTime "10:25:42 PST"]
[Termination "Evgeny81 won by resignation"]

1. c4 e5 2. g3 Nc6 3. Bg2 Bc5 4. e3 d6 5. Ne2 a6 6. d4 Ba7 7. O-O Nge7 8. b3 exd4 9. exd4 O-O 10. Bb2 Nf5 11.
Qd3 Qf6 12. Rd1 Re8 13. Na3 Bd7 14. Nc2 Qg6 15. Nf4 Qh6 16. Nd5 Rac8 17. Re1 Qg6 18. Rxe8+ Bxe8 19. Be4 Bd7 20. Nce3 Ncxd4 21. Bxd4 Bxd4 22.
Nxf5 Bxa1 23. Nfe7+ Kf8 24. Nxg6+ hxg6 25. Nxc7 1-0

[Event "*** Titled Tuesday Blitz"]
[Site "Chess.com"]
[Date "2020.12.29"]
[Round "3"]
[White "m_ezat"]
[Black "ViktoriyaTarasova"]
[Result "1-0"]
[WhiteElo "2539"]
[BlackElo "2343"]
[TimeControl "180+1"]
[EndTime "10:25:42 PST"]
[Termination "m_ezat won by resignation"]

1. d4 Nf6 2. c4 e6 3. Nc3 Bb4 4. e3 d5 5. a3 Bxc3+ 6. bxc3 O-O 7. cxd5 exd5 8. Bd3 b6 9. f3 Ba6 10. Ne2 Bxd3 11. Qxd3 c5 12. O-O Qc7 13. Ng3 Nbd7 14. e4 cxd4 15. cxd4 dxe4 16. fxe4 Rac8 17. e5 Nd5 18.
Nf5 Qc3 19. Qe4 Qxa1 20. Bh6 Qxf1+ 21. Kxf1 g6 22. Qxd5 gxf5 23. Qxd7 Rfd8 24. Qxf5 1-0

[Event "*** Titled Tuesday Blitz"]
[Site "Chess.com"]
[Date "2020.12.29"]
[Round "3"]
[White "Mikhail_Golubev"]
[Black "PawnEatingZombie"]
[Result "1-0"]
[WhiteElo "2503"]
[BlackElo "2242"]
[TimeControl "180+1"]
[EndTime "10:25:43 PST"]
[Termination "Mikhail_Golubev won by resignation"]

1. e4 c6 2. d4 d5 3. Nc3 dxe4 4. Nxe4 Bf5 5. Ng3 Bg6 6. c3 Nf6 7. Nh3 e6 8. Nf4 Bd6 9. h4 Qc7 10. Qf3 Nbd7 11. h5 Bc2 12. h6 g6 13. Bd3 Bxd3 14.
Nxd3 Qa5 15. O-O g5 16. Nh5 Be7 17. Ng7+ Kd8 18. Re1 g4 19. Qg3 Nf8 20. Ne5 1-0

[Event "*** Titled Tuesday Blitz"]
[Site "Chess.com"]
[Date "2020.12.29"]
[Round "3"]
[White "NMShanMeruga"]
[Black "731291"]
[Result "1-0"]
[WhiteElo "2413"]
[BlackElo "2575"]
[TimeControl "180+1"]
[EndTime "10:25:47 PST"]
[Termination "NMShanMeruga won by checkmate"]

1. e4 c5 2. Nc3 e6 3. Nf3 d5 4. d4 cxd4 5. Bg5 f6 6. Bb5+ Bd7 7. Nxd4 Bxb5 8. Nxe6 Qa5 9. Bd2 Kf7 10. Nxd5 Qa4 11.
Qf3 Kxe6 12. Nc7+ Kf7 13. Nxa8 Bd6 14. Bc3 Nc6 15. Qh5+ Ke7 16. O-O-O Qxa2 17. Rxd6 Kxd6 18. Rd1+ Ke7 19. Nc7 Bc4 20. Qe8# 1-0

[Event "*** Titled Tuesday Blitz"]
[Site "Chess.com"]
[Date "2020.12.29"]
[Round "3"]
[White "Beca95"]
[Black "PhoenixFire8"]
[Result "1-0"]
[WhiteElo "2828"]
[BlackElo "2451"]
[TimeControl "180+1"]
[EndTime "10:25:51 PST"]
[Termination "Beca95 won by resignation"]

1. d4 Nf6 2. c4 e6 3. Nc3 d5 4. Nf3 Be7 5. Bg5 O-O 6. e3 h6 7. Bh4 dxc4 8. Bxc4 a6 9. a4 b6 10. O-O Bb7 11. Qe2 Ne4 12. Bg3 Nd7 13. Rfd1 Ndf6 14.
Be5 Nxc3 15. bxc3 Ne4 16. Rac1 Qd7 17. Bb3 b5 18. a5 c5 19. c4 b4 20. d5 exd5 21. cxd5 Bd6 22. Qc2 Bxe5 23. Nxe5 Qf5 24. Nc6 Bxc6 25. dxc6 Rad8 26. f3 Nd6 27. Qxf5 Nxf5 28.
Rxd8 Rxd8 29. Rxc5 Nxe3 30. c7 Rc8 31. Ba4 b3 32. Bxb3 Kf8 33. Kf2 1-0

[Event "*** Titled Tuesday Blitz"]
[Site "Chess.com"]
[Date "2020.12.29"]
[Round "3"]
[White "kleopl"]
[Black "maxip32"]
[Result "0-1"]
[WhiteElo "2464"]
[BlackElo "2507"]
[TimeControl "180+1"]
[EndTime "10:25:53 PST"]
[Termination "maxip32 won by resignation"]

1. e4 c5 2. Nc3 d6 3. d4 cxd4 4.
Qxd4 Nf6 5. b3 Nc6 6. Qd2 g6 7. Bb2 Bg7 8. O-O-O a6 9. f3 O-O 10. g4 h5 11. g5 Nd7 12. f4 Nc5 13. Bh3 b5 14.
Bxc8 Qxc8 15. h4 b4 16. Nd5 Bxb2+ 17. Kxb2 Nxe4 18. Qe1 Qf5 19. Ne2 e6 20. Nxb4 Nxb4 21. Qxb4 Nf2 22. Qxd6 Nxh1 23. Rxh1 Rfd8 24. Qb4 Rac8 25.
Rf1 Qxc2+ 0-1

[Event "*** Titled Tuesday Blitz"]
[Site "Chess.com"]
[Date "2020.12.29"]
[Round "3"]
[White "Bodnar_Mykola"]
[Black "Kaslask"]
[Result "1-0"]
[WhiteElo "2545"]
[BlackElo "2286"]
[TimeControl "180+1"]
[EndTime "10:25:55 PST"]
[Termination "Bodnar_Mykola won by resignation"]

1. e4 c5 2. Nf3 Nc6 3. Bb5 g6 4. O-O Bg7 5. Bxc6 dxc6 6. d3 e5 7. h3 Ne7 8. Nc3 h6 9. Be3 b6 10. Qd2 Be6 11. Nh2 g5 12. Ne2 f5 13. exf5 Nxf5 14.
Ng3 Nh4 15. Rae1 Bxh3 16. gxh3 Qd7 17. f4 Qxh3 18. Qf2 O-O 19. f5 e4 20. Nxe4 Be5 21. f6 g4 22. Bf4 Bd4 23. Be3 Be5 24. Bf4 Bd4 25. Re3 Kh8 26. Rxh3 gxh3 27. Be3 Rg8+ 28.
Kh1 Rg2 29. Qf4 Nf5 30. Qxf5 Bxe3 31. Qxh3 1-0

[Event "*** Titled Tuesday Blitz"]
[Site "Chess.com"]
[Date "2020.12.29"]
[Round "3"]
[White "Klavdia_Nik"]
[Black "TokChess"]
[Result "0-1"]
[WhiteElo "2073"]
[BlackElo "2477"]
[TimeControl "180+1"]
[EndTime "10:25:58 PST"]
[Termination "TokChess won on time"]

1. Nf3 Nf6 2. c4 c6 3. b3 d5 4. Bb2 Bg4 5. Ne5 Bh5 6. g3 e6 7.
Bg2 Nbd7 8. Nf3 Be7 9. O-O a5 10. d3 O-O 11. Nbd2 Qb6 12. Qc2 Rfc8 13. a3 h6 14.
Rfe1 Bg6 15. Ne5 Nxe5 16. Bxe5 Ng4 17. Qb2 Qxf2+ 18. Kh1 Qe3 19. Nf3 Nf2+ 20. Kg1 Nh3+ 0-1

[Event "*** Titled Tuesday Blitz"]
[Site "Chess.com"]
[Date "2020.12.29"]
[Round "3"]
[White "Vamostodorecto"]
[Black "sopo-tereladze"]
[Result "1-0"]
[WhiteElo "2426"]
[BlackElo "2285"]
[TimeControl "180+1"]
[EndTime "10:26:01 PST"]
[Termination "Vamostodorecto won by checkmate"]

1. d4 Nf6 2. c4 e6 3. Nc3 Bb4 4. e3 Bxc3+ 5. bxc3 O-O 6. Nf3 b6 7. Bd3 Bb7 8. O-O Ne4 9. Qc2 f5 10. c5 bxc5 11. Rb1 Bc6 12. Ne5 cxd4 13. Nxc6 Nxc6 14. cxd4 Nf6 15. Ba3 Re8 16. Rb7 Rb8 17. Rfb1 Rxb7 18. Rxb7 Nd5 19. Bb5 f4 20. Bxc6 dxc6 21.
e4 Nb6 22. Qxc6 Qxd4 23. Qxe8# 1-0